 Dungeon Crawl Stone Soup version 0.30-a0-760-g5a9884bb7c (webtiles) character file.

Game seed: 3671272295222887894

72 Leeroy the Slasher (level 4, 0/23 HPs)
             Began as a Vine Stalker Warper on Feb 11, 2023.
             Slain by a gnoll
             ... wielding a +0 spear
              (2 damage)
             ... on level 3 of the Dungeon.
             The game lasted 00:02:05 (1600 turns).

Leeroy the Slasher (Vine Stalker Warper)            Turns: 1600, Time: 00:02:06

Health: 0/23       AC: 12    Str: 14    XL:     4   Next: 25%
Magic:  0/8        EV:  4    Int: 13    God:
Gold:   104        SH:  0    Dex: 15    Spells: 7/7 levels left

rFire   + . .      SeeInvis .    a - +0 falchion
rCold   . . .      Faith    .    (no shield)
rNeg    . . .      Spirit   +    o - +1 plate armour {rF+}
rPois   .          Reflect  .    (no helmet)
rElec   .          Harm     .    (no cloak)
rCorr   .          Rampage  .    l - +0 pair of gloves
Will    .....                    (no boots) Stlth
                                 (no amulet)
HPRegen 1.03/turn                (no ring)
MPRegen 0.11/turn                (no ring)

@: no status effects
A: fangs 2, regeneration 1, magic shield, antimagic bite, no potion heal 2
a: no special abilities


You were on level 3 of the Dungeon.
You visited 1 branch of the dungeon, and saw 3 of its levels.

You collected 104 gold pieces.

Inventory:

Hand Weapons
 a - a +0 falchion (weapon)
 i - a +2 vampiric spear
Missiles
 d - 7 boomerangs of dispersal (quivered)
 e - 9 poisoned darts
Armour
 b - a +0 leather armour
 l - a +0 pair of gloves (worn)
 o - a +1 plate armour of fire resistance (worn)
Scrolls
 c - 2 scrolls of blinking
 f - a scroll of immolation {unknown}
 h - a scroll of fog {unknown}
 k - a scroll of noise {unknown}
 n - 2 scrolls of identify {unknown}
Potions
 g - a potion of brilliance {unknown}
 j - 3 potions of flight {unknown}
 m - a potion of curing {unknown}


   Skills:
 - Level 1.7 Fighting
 + Level 4.0 Long Blades
 - Level 0.8 Throwing
 - Level 0.7 Armour
 - Level 1.5 Dodging
 - Level 2.1 Spellcasting
 - Level 3.0 Translocations


You had 7 spell levels left.
You didn't know any spells.
Your spell library contained the following spells:

 Spells                   Type           Power      Damage    Failure   Level
 Blink                    Tloc           18%        N/A       100%        2
 Lesser Beckoning         Tloc           18%        N/A       100%        2
 Teleport Other           Tloc           9%         N/A       100%        3
 Vhi's Electric Charge    Tloc/Air       10%        N/A       100%        3
 Manifold Assault         Tloc           9%         N/A       100%        4


Dungeon Overview and Level Annotations

Branches:
Dungeon (3/15)

Altars:

Annotations:
D:3 Ijyb


Innate Abilities, Weirdness & Mutations

You have extremely sharp teeth.
Your natural rate of healing is unusually fast.
When hurt, damage is shared between your health and your magic reserves.
Your bite disrupts and absorbs the magic of your enemies.
Potions cannot restore your health.


Message History

You are too injured to fight recklessly!
You are too injured to fight recklessly!
The gnoll attacks as you move away! The gnoll hits you but does no damage.
The gnoll attacks as you move away! The gnoll barely misses you.
The orc wizard attacks as you move away!
The orc wizard hits you but does no damage.
The gnoll attacks as you move away! The gnoll hits you but does no damage.
The gnoll barely misses you.
The orc wizard attacks as you move away!
The orc wizard barely misses you.
The orc wizard gestures wildly while chanting.
The orc wizard flickers and vanishes!
Deactivating autopickup; reactivate with Ctrl-A.
You hear a shout!
You barely miss the gnoll. The gnoll barely misses you.
The gnoll hits you but does no damage.
You closely miss the gnoll. You bite the gnoll. You drain its power.
You feel invigorated.
The gnoll is lightly wounded.
The gnoll hits you with a +0 club.
An orc comes into view. It is wielding a +0 flail.
The gnoll hits you from afar with a +0 spear.
The orc priest invokes the aid of Beogh against you.
Beogh smites you!
* * * LOW HITPOINT WARNING * * *
You hit the gnoll.
The gnoll is heavily wounded.
The gnoll hits you but does no damage. x2
You hit the gnoll. You bite the gnoll. You drain its power.
You feel invigorated.
The gnoll is severely wounded.
The gnoll hits you with a +0 club.
* * * LOW HITPOINT WARNING * * *
The gnoll hits you but does no damage.
You barely miss the gnoll.
The gnoll is severely wounded.
The gnoll hits you with a +0 club.
* * * LOW HITPOINT WARNING * * *
The gnoll hits you from afar with a +0 spear.
You die...

..... ..# ...
!.......##..
......#.... .#
.......o.B# .#..
#...#b#.# ..#.#
#...oooo##.#...
#...gg{#.....
#...##g#.#.#
#... #@#...#
#...##.o.#.##..
#..............
#......!.#.####
#.....#..#.#####
#.###..........#
#..............#
###.............
##...........#


You could see an orc priest, 2 gnolls, 5 orcs, a giant cockroach and a bat.

Vanquished Creatures
  2 adders
  7 ball pythons
  7 endoplasms
  2 giant cockroaches
  7 goblins
  6 hobgoblins
  5 kobolds
  A quokka (D:1)
  3 bats (D:2)
  2 frilled lizards
  5 rats
47 creatures vanquished.

Notes
Turn   | Place    | Note
-------+----------+-------------------------------------------
     0 | D:1      | Leeroy the Vine Stalker Warper began the quest for the Orb.
     0 | D:1      | Reached XP level 1. HP: 11/11 MP: 4/4
    36 | D:1      | Reached skill level 2 in Long Blades
    84 | D:1      | Reached XP level 2. HP: 15/15 MP: 6/6
   421 | D:1      | Reached skill level 3 in Long Blades
   496 | D:1      | Reached XP level 3. HP: 17/18 MP: 7/7
  1256 | D:2      | Gained mutation: Your natural rate of healing is unusually
                  | fast. [Vine Stalker growth]
  1256 | D:2      | Reached XP level 4. HP: 23/23 MP: 8/8
  1572 | D:3      | Reached skill level 4 in Long Blades
  1591 | D:3      | Noticed Ijyb
  1600 | D:3      | Slain by a gnoll

Illustrated notes

Levels and vault maps discovered:
D:1:      tarquinn_simple_flora_water_d, layout_basic,
          chequers_serial_rivers_room_a
D:2:      layout_basic, serial_shops, nicolae_shop_behind_doors,
          eino_tiny_chamber, minmay_tripent
D:3:      layout_rooms, nicolae_qazlal_eye_of_the_storm,
          hangedman_feature_mirror, grunt_decor_fettered, uniq_ijyb,
          uniq_crazy_yiuf_cottage

Skill      XL: |  1  2  3  4 |
---------------+-------------+-----
Long Blades    | 2 3 4 |  4.0
Fighting       | |  1.7
Throwing       | |  0.8
Armour         | |  0.7
Dodging        | |  1.5
Spellcasting   | |  2.1
Translocations | |  3.0

Action                     |  1- 3 |  4- 6 || total
---------------------------+-------+-------++-------
  Melee: Falchion          |   111 |    18 ||   129
         Bite              |    25 |     3 ||    28
         Punch             |     1 |       ||     1
 Armour: Leather armour    |    35 |       ||    35
         Plate armour      |     2 |    27 ||    29
  Dodge: Dodged            |    68 |     8 ||    76

Table legend: (Time is in decaauts)
 A = Elapsed time spent in this place.
 B = Non-inter-level travel time spent in this place.
 C = Inter-level travel time spent in this place.
 D = Time resting spent in this place.
 E = Time spent auto-exploring this place.
 F = Levels seen in this place.
 G = Mean time per level.
                   A        B        C        D        E       F      G
               +--------+--------+--------+--------+--------+-----+--------+
         Total |   1617 |   1501 |    116 |      0 |   1203 |   3 |  539.0 |
       Dungeon |   1617 |   1501 |    116 |      0 |   1203 |   3 |  539.0 |
               +--------+--------+--------+--------+--------+-----+--------+

Top non-repeatable levels by time:
     D:1: 922 daAuts
     D:2: 648 daAuts
     D:3: 46 daAuts
